ORI
UNIVERSITY OF ALABAMA CRIMSON TIDE @ UNIVERSITY OF CONNETICUT HUSKIES
07/16/2044
 
TOP OF THE 1ST
University of Alabama Crimson Tide batting - Pitching for University of Conneticut Huskies : RHP Gil Brady
Pitching: RHP Gil Brady
Batting: RHB António Scarlett 0-0: Ball
1-0: Ground out 4-3 (Groundball, 4M, EV 78.8 MPH)
Batting: RHB Shura Beschenko 0-0: Called Strike
0-1: Ball
1-1: Fly out, F9 (Flyball, 9LS, EV 83.8 MPH)
Batting: LHB Prince Nunley 0-0: SOLO HOME RUN (Line Drive, 78XD, EV 113.8 MPH), Distance : 459 ft
Batting: RHB Peter Westover 0-0: Called Strike
0-1: Foul Ball, location: 2F
0-2: Ball
1-2: Ball
2-2: Foul Ball, location: 2F
2-2: Ball
3-2: Ground out 4-3 (Groundball, 4, EV 100.6 MPH)
Top of the 1st over - 1 run, 1 hit, 0 errors, 0 left on base; University of Alabama 1 - University of Conneticut 0
BOTTOM OF THE 1ST
University of Conneticut Huskies batting - Pitching for University of Alabama Crimson Tide : RHP Joe Babich
Pitching: RHP Joe Babich
Batting: RHB Michael Youngberry 0-0: Called Strike
0-1: Ground out 6-3 (Groundball, 6M, EV 96.3 MPH)
Batting: RHB Bill Stern 0-0: Ball
1-0: Ball
2-0: Called Strike
2-1: Called Strike
2-2: Ball
3-2: Foul Ball, location: 2F
3-2: Fly out, F7 (Flyball, 7S, EV 85.0 MPH)
Batting: RHB Yankel Pensak 0-0: Called Strike
0-1: Ground out 6-3 (Groundball, P, EV 83.8 MPH)
Bottom of the 1st over - 0 runs, 0 hits, 0 errors, 0 left on base; University of Alabama 1 - University of Conneticut 0
TOP OF THE 2ND
University of Alabama Crimson Tide batting - Pitching for University of Conneticut Huskies : RHP Gil Brady
Batting: RHB Willie Torres 0-0: Ball
1-0: Foul Ball, location: 2F
1-1: Fly out, F9 (Flyball, 9D, EV 85.0 MPH)
Batting: RHB Aaron Bateman 0-0: Called Strike
0-1: Swinging Strike
0-2: Foul Ball, location: 2F
0-2: Foul Ball, location: 2F
0-2: Foul Ball, location: 2F
0-2: Ball
1-2: SINGLE (Groundball, 6MD, EV 103.8 MPH)
Batting: RHB Ray Travis 0-0: Foul Ball, location: 2F
0-1: Ball
1-1: Called Strike
1-2: Strikes out swinging
Batting: RHB Lencho Otieno 0-0: Called Strike
0-1: Fly out, F7 (Line Drive, 7, EV 95.6 MPH)
Top of the 2nd over - 0 runs, 1 hit, 0 errors, 1 left on base; University of Alabama 1 - University of Conneticut 0
BOTTOM OF THE 2ND
University of Conneticut Huskies batting - Pitching for University of Alabama Crimson Tide : RHP Joe Babich
Batting: LHB Bill Kovac 0-0: Ground out 5-3 (Groundball, 56S, EV 83.8 MPH)
Batting: RHB Preston Hill 0-0: Called Strike
0-1: Ball
1-1: Fly out, F3 (Popup, 3DF, EV 61.9 MPH)
Batting: RHB Edwin Bejarano 0-0: Called Strike
0-1: Swinging Strike
0-2: Strikes out swinging
Bottom of the 2nd over - 0 runs, 0 hits, 0 errors, 0 left on base; University of Alabama 1 - University of Conneticut 0
TOP OF THE 3RD
University of Alabama Crimson Tide batting - Pitching for University of Conneticut Huskies : RHP Gil Brady
Batting: RHB Jose Cuellar 0-0: Ground out U3 (Groundball, 34, EV 105.6 MPH)
Batting: RHB António Scarlett 0-0: Foul Ball, location: 2F
0-1: Foul Ball, location: 2F
0-2: Ball
1-2: Ball
2-2: SINGLE (Line Drive, 9S, EV 94.4 MPH)
Batting: RHB Shura Beschenko 0-0: Ball
António Scarlett steals 2nd base
1-0: Ball
2-0: Foul Ball, location: 2F
2-1: Fly out, F8 (Flyball, 8LS, EV 89.4 MPH)
Batting: LHB Prince Nunley 0-0: Called Strike
0-1: Fly out, F8 (Flyball, 8RS, EV 85.0 MPH)
Top of the 3rd over - 0 runs, 1 hit, 0 errors, 1 left on base; University of Alabama 1 - University of Conneticut 0
BOTTOM OF THE 3RD
University of Conneticut Huskies batting - Pitching for University of Alabama Crimson Tide : RHP Joe Babich
Batting: RHB Ernesto Salas 0-0: Foul Ball, location: 2F
0-1: Swinging Strike
0-2: Ball
1-2: DOUBLE (Flyball, 89XD, EV 106.9 MPH)
Batting: RHB Hector Tabares 0-0: Ball
1-0: Called Strike
1-1: Ball
2-1: Fly out, F7 (Flyball, 7, EV 90.6 MPH)
Batting: RHB Hector Barajas 0-0: Foul Ball, location: 2F
0-1: Ball
1-1: Foul Ball, location: 2F
1-2: Ball
2-2: Fly out, F7 (Flyball, 78M, EV 77.5 MPH)
Batting: RHB Michael Youngberry 0-0: Called Strike
0-1: Called Strike
0-2: Strikes out looking
Bottom of the 3rd over - 0 runs, 1 hit, 0 errors, 1 left on base; University of Alabama 1 - University of Conneticut 0
TOP OF THE 4TH
University of Alabama Crimson Tide batting - Pitching for University of Conneticut Huskies : RHP Gil Brady
Batting: RHB Peter Westover 0-0: Foul Ball, location: 2F
0-1: Foul Ball, location: 2F
0-2: SINGLE (Line Drive, 78S, EV 103.8 MPH)
Batting: RHB Willie Torres 0-0: Swinging Strike
0-1: Swinging Strike
0-2: Ball
1-2: Strikes out swinging
Batting: RHB Aaron Bateman 0-0: Ball
Peter Westover steals 2nd base
1-0: SINGLE (Line Drive, 6MD, EV 109.4 MPH)
Peter Westover to third
Batting: RHB Ray Travis 0-0: Called Strike
0-1: Swinging Strike
0-2: Ball
1-2: Foul Ball, location: 2F
1-2: Foul Ball, location: 2F
1-2: Strikes out swinging
Batting: RHB Lencho Otieno 0-0: Foul Ball, location: 2F
0-1: Foul Ball, location: 2F
0-2: Ball
1-2: Fielders Choice at 2nd, 5-4 (Groundball, 5, EV 84.4 MPH)
Top of the 4th over - 0 runs, 2 hits, 0 errors, 2 left on base; University of Alabama 1 - University of Conneticut 0
BOTTOM OF THE 4TH
University of Conneticut Huskies batting - Pitching for University of Alabama Crimson Tide : RHP Joe Babich
Batting: RHB Bill Stern 0-0: Called Strike
0-1: Ball
1-1: Fly out, F8 (Flyball, 89D, EV 85.0 MPH)
Batting: RHB Yankel Pensak 0-0: Called Strike
0-1: Foul Ball, location: 2F
0-2: Ball
1-2: Foul Ball, location: 2F
1-2: Foul Ball, location: 2F
1-2: Ball
2-2: Foul Ball, location: 2F
2-2: Ball
3-2: Fly out, F4 (Flyball, 34D, EV 90.6 MPH)
Batting: LHB Bill Kovac 0-0: Called Strike
0-1: Called Strike
0-2: Strikes out looking
Bottom of the 4th over - 0 runs, 0 hits, 0 errors, 0 left on base; University of Alabama 1 - University of Conneticut 0
TOP OF THE 5TH
University of Alabama Crimson Tide batting - Pitching for University of Conneticut Huskies : RHP Gil Brady
Pitching: LHP Mitsugu Higuchi
Batting: RHB Jose Cuellar 0-0: Called Strike
0-1: Ball
1-1: Fly out, F2 (Popup, 2LF, EV 91.9 MPH)
Batting: RHB António Scarlett 0-0: Called Strike
0-1: Ground out 5-3 (Groundball, 56S, EV 62.5 MPH)
Batting: RHB Shura Beschenko 0-0: Fly out, F7 (Flyball, 7S, EV 84.4 MPH)
Top of the 5th over - 0 runs, 0 hits, 0 errors, 0 left on base; University of Alabama 1 - University of Conneticut 0
BOTTOM OF THE 5TH
University of Conneticut Huskies batting - Pitching for University of Alabama Crimson Tide : RHP Joe Babich
Pitching: RHP Wayne Fawcett
Batting: RHB Preston Hill 0-0: Ball
1-0: Called Strike
1-1: Ball
2-1: Called Strike
2-2: Strikes out swinging
Pinch Hitting: RHB Victor Contreras 0-0: Ground out 4-3 (Groundball, 4, EV 84.4 MPH)
Batting: RHB Ernesto Salas 0-0: Called Strike
0-1: Bunt - Flyout to 3S! F3
Bottom of the 5th over - 0 runs, 0 hits, 0 errors, 0 left on base; University of Alabama 1 - University of Conneticut 0
TOP OF THE 6TH
University of Alabama Crimson Tide batting - Pitching for University of Conneticut Huskies : LHP Mitsugu Higuchi
Now at SS: Scott Webb
Pinch Hitting: RHB Caleb Oake 0-0: Ball
1-0: Ball
2-0: Ball
3-0: Called Strike
3-1: SINGLE (Line Drive, 56D, EV 98.8 MPH)
Batting: RHB Peter Westover 0-0: Ball
1-0: Foul Ball, location: 2F
1-1: Ball
2-1: Swinging Strike
2-2: Ball
3-2: Base on Balls
Caleb Oake to second
Batting: RHB Willie Torres 0-0: Ball
1-0: Called Strike
1-1: Ball
2-1: Fly out, F8 (Flyball, 8RM, EV 89.4 MPH)
Batting: RHB Aaron Bateman 0-0: Ball
1-0: Foul Ball, location: 2F
1-1: Called Strike
1-2: Ball
2-2: Strikes out swinging
Batting: RHB Ray Travis 0-0: Foul Ball, location: 2F
0-1: Swinging Strike
0-2: Fielders Choice at 2nd, 6-4 (Groundball, 6, EV 80.6 MPH)
Top of the 6th over - 0 runs, 1 hit, 0 errors, 2 left on base; University of Alabama 1 - University of Conneticut 0
BOTTOM OF THE 6TH
University of Conneticut Huskies batting - Pitching for University of Alabama Crimson Tide : RHP Wayne Fawcett
Now in RF: Jimmy Leslie
Pinch Hitting: LHB Matt Darrach 0-0: Ball
1-0: Foul Ball, location: 2F
1-1: Ground out 6-3 (Groundball, 15, EV 83.8 MPH)
Batting: RHB Hector Barajas 0-0: Foul Ball, location: 2F
0-1: Swinging Strike
0-2: Ball
1-2: Foul Ball, location: 2F
1-2: Ball
2-2: Strikes out swinging
Pinch Hitting: RHB Justin Matherson 0-0: Called Strike
0-1: Foul Ball, location: 2F
0-2: Strikes out swinging, 2-3 out at first.
Bottom of the 6th over - 0 runs, 0 hits, 0 errors, 0 left on base; University of Alabama 1 - University of Conneticut 0
TOP OF THE 7TH
University of Alabama Crimson Tide batting - Pitching for University of Conneticut Huskies : LHP Mitsugu Higuchi
Pitching: RHP Jon Fowler
Now at 3B: Justin Matherson
Now in CF: Matt Darrach
Batting: RHB Lencho Otieno 0-0: Ball
1-0: Ball
2-0: Called Strike
2-1: SINGLE (Groundball, 34D, EV 103.1 MPH)
Batting: RHB Jose Cuellar 0-0: Sac Bunt to 2R - play at first, batter OUT! 2-4
Lencho Otieno to second
Batting: RHB António Scarlett 0-0: Ball
Lencho Otieno steals 3rd base
Squeeze bunt is on, Lencho Otieno is out
1-1: Called Strike
1-2: Foul Ball, location: 2F
1-2: Ball
2-2: Strikes out looking
Top of the 7th over - 0 runs, 1 hit, 0 errors, 0 left on base; University of Alabama 1 - University of Conneticut 0
BOTTOM OF THE 7TH
University of Conneticut Huskies batting - Pitching for University of Alabama Crimson Tide : RHP Wayne Fawcett
Pitching: RHP Victor Mata
Batting: RHB Bill Stern 0-0: Ball
1-0: Ball
2-0: Ball
3-0: Called Strike
3-1: Called Strike
3-2: Fly out, F4 (Line Drive, 4, EV 70.0 MPH)
Pinch Hitting: LHB Jim Upson 0-0: Ball
1-0: SINGLE (Line Drive, 7LS, EV 90.6 MPH)
Pinch Hitting: RHB David Marksberry 0-0: Ball
1-0: SINGLE (Line Drive, 8LS, EV 88.1 MPH)
Jim Upson to second
Batting: RHB Preston Hill 0-0: Fly out, F9 (Flyball, 9LM, EV 79.4 MPH)
Pinch Hitting: LHB Fumito Sakurai 0-0: Ground out 2-3 (Groundball, 2L, EV 65.0 MPH)
Bottom of the 7th over - 0 runs, 2 hits, 0 errors, 2 left on base; University of Alabama 1 - University of Conneticut 0
TOP OF THE 8TH
University of Alabama Crimson Tide batting - Pitching for University of Conneticut Huskies : RHP Jon Fowler
Now at 2B: Domingo Restrepo
Now at SS: Alejandro Collazo
Now in LF: David Marksberry
Batting: RHB Shura Beschenko 0-0: Called Strike
0-1: Ball
1-1: Ball
2-1: Foul Ball, location: 2F
2-2: DOUBLE (Line Drive, 78D, EV 111.9 MPH)
Batting: LHB Jimmy Leslie 0-0: Intentional Walk
Pinch Hitting: RHB Harry Dickson 0-0: Ball
1-0: Single, Error in OF, E8, batter to second base (Groundball, 6MD, EV 103.8 MPH)
Shura Beschenko scores
Jimmy Leslie to third
Batting: LHB Miguel Ramos 0-0: Intentional Walk
Pinch Hitting: RHB Juan Alvarez 0-0: Ball
1-0: Called Strike
1-1: Swinging Strike
1-2: Foul Ball, location: 2F
1-2: Strikes out swinging
Pinch Hitting: LHB Mohala Kileona 0-0: Ball
1-0: Swinging Strike
1-1: Ball
2-1: Swinging Strike
2-2: Ball
3-2: Strikes out swinging
Pinch Hitting: LHB Chris Cohen 0-0: Called Strike
0-1: Foul Ball, location: 2F
0-2: Foul Ball, location: 2F
0-2: Ball
1-2: Strikes out swinging
Top of the 8th over - 1 run, 2 hits, 1 error, 3 left on base; University of Alabama 2 - University of Conneticut 0
BOTTOM OF THE 8TH
University of Conneticut Huskies batting - Pitching for University of Alabama Crimson Tide : RHP Victor Mata
Now at C: Ryozo Shimizu
Now at 2B: Erik Wadsworth
Now at 3B: Jose Baca
Now at SS: Er Le
Batting: RHB Ernesto Salas 0-0: Ground out U3 (Groundball, 3S, EV 69.4 MPH)
Batting: LHB Matt Darrach 0-0: Ball
1-0: Ground out 5-3 (Groundball, 5, EV 85.0 MPH)
Batting: RHB Hector Barajas 0-0: Foul Ball, location: 2F
0-1: Foul Ball, location: 2F
0-2: Ball
1-2: Strikes out swinging
Bottom of the 8th over - 0 runs, 0 hits, 0 errors, 0 left on base; University of Alabama 2 - University of Conneticut 0
TOP OF THE 9TH
University of Alabama Crimson Tide batting - Pitching for University of Conneticut Huskies : RHP Jon Fowler
Pitching: RHP Oswaldo Vasquez
Pinch Hitting: RHB Steven Gamblin 0-0: Ball
1-0: Ball
2-0: Swinging Strike
2-1: Foul Ball, location: 2F
2-2: Strikes out swinging
Pinch Hitting: SHB Alex Rosario 0-0: Ground out 1-3 (Groundball, 34S, EV 63.8 MPH)
Batting: RHB Shura Beschenko 0-0: Ball
1-0: Foul Ball, location: 2F
1-1: Ball
2-1: Swinging Strike
2-2: Strikes out looking
Top of the 9th over - 0 runs, 0 hits, 0 errors, 0 left on base; University of Alabama 2 - University of Conneticut 0
BOTTOM OF THE 9TH
University of Conneticut Huskies batting - Pitching for University of Alabama Crimson Tide : RHP Victor Mata
Pitching: LHP Matt Hawk
Now at 1B: Steven Gamblin
Now in CF: Aaron DeMange
Batting: RHB Justin Matherson 0-0: Ball
1-0: Ball
2-0: Ball
3-0: Base on Balls
Batting: RHB Jose Aguiniga 0-0: Ball
1-0: Called Strike
1-1: Ball
Passed Ball!
Justin Matherson to second
2-1: Ball
3-1: Called Strike
3-2: Ground out 3-1 (Groundball, 34, EV 99.4 MPH)
Justin Matherson to third
Pinch Hitting: RHB Jose Castro 0-0: Ball
1-0: Called Strike
1-1: Foul Ball, location: 2F
1-2: Foul Ball, location: 2F
1-2: Foul Ball, location: 2F
1-2: Foul Ball, location: 2F
1-2: Ball
Wild Pitch!
Justin Matherson scores
2-2: Foul Ball, location: 2F
2-2: Fly out, F3 (Popup, 23F, EV 77.5 MPH)
Batting: RHB David Marksberry 0-0: Called Strike
0-1: Ball
1-1: Foul Ball, location: 2F
1-2: Strikes out swinging
Bottom of the 9th over - 1 run, 0 hits, 0 errors, 0 left on base; University of Alabama 2 - University of Conneticut 1
Thursday, March 31st , 2022 - OOTP Baseball 22.12 Build 89